 Dungeon Crawl Stone Soup version 0.31.0-12-g77e489cdc1 (webtiles) character file.

Game seed: 10092162735173176289

20059 Fodor the Carver (level 12, -1/110 HPs)
             Began as a Minotaur Fighter on Feb 13, 2024.
             Was an Initiate of Gozag.
             Slain by a flayed ghost (5 damage)
             ... on level 12 of the Dungeon.
             The game lasted 00:53:38 (11865 turns).

Fodor the Carver (Minotaur Fighter)                Turns: 11865, Time: 00:53:38

Health: -1/110     AC: 26    Str: 26    XL:     12   Next: 42%
Magic:  11/11      EV: 14    Int:  5    God:    Gozag
Gold:   1732       SH:  5    Dex: 10    Spells: 11/11 levels left

rFire   . . .        p - +7 Throatcutter {drain, coup de grace}
rCold   . . .        c - +0 buckler
rNeg    . . .        K - +3 plate armour
rPois   .            (helmet restricted)
rElec   .            M - +2 cloak
rCorr   .            i - +0 pair of gloves
SInv    .            b - +0 pair of boots
Will    .....        (no amulet) Stlth
                     q - +5 ring of evasion
HPRegen 0.38/turn    (no ring)
MPRegen 0.12/turn

%: no passive effects
@: flayed, gold aura
A: horns 2, retaliatory headbutt
a: Renounce Religion, Potion Petition, Call Merchant, Bribe Branch


You were on level 12 of the Dungeon.
You worshipped Gozag.
Gozag was most pleased with you.
You visited 2 branches of the dungeon, and saw 13 of its levels.
You also visited: Ossuary and Bailey.

You collected 1893 gold pieces.
You paid 161 gold pieces to Gozag.

Inventory:

Hand Weapons
 j - a +2 antimagic broad axe
 m - a +4 quarterstaff of chaos
 n - a +0 arbalest
 p - the +7 Throatcutter (weapon) {drain, coup de grace}
   (You took it off Terence on level 3 of the Dungeon)
 G - a +6 scythe of venom
Missiles
 h - 11 javelins (quivered)
Armour
 b - a +0 pair of boots (worn)
 c - a +0 buckler (worn)
 i - a +0 pair of gloves (worn)
 K - a +3 plate armour (worn)
 M - a +2 cloak (worn)
Jewellery
 q - a +5 ring of evasion (left hand)
 L - a ring of protection from fire
Talismans
 H - a blade talisman
 P - a serpent talisman
Wands
 t - a wand of flame (54)
 E - a wand of roots (12)
 F - a wand of polymorph (11)
 N - a wand of light (4)
Scrolls
 f - 3 scrolls of noise
 g - 3 scrolls of butterflies
 k - 4 scrolls of teleportation
 l - 5 scrolls of fear
 o - 4 scrolls of vulnerability
 u - 2 scrolls of revelation
 y - 5 scrolls of immolation
 z - 4 scrolls of poison
 B - a scroll of brand weapon
 C - a scroll of silence
 I - a scroll of amnesia
Potions
 a - 2 potions of cancellation
 d - 2 potions of might
 e - 3 potions of degeneration
 r - 4 potions of invisibility
 s - 3 potions of haste {unknown}
 v - a potion of lignification {unknown}
 w - 5 potions of heal wounds {unknown}
 x - 5 potions of brilliance
 A - 2 potions of enlightenment {unknown}
 D - 3 potions of curing {unknown}
 J - 3 potions of mutation {unknown}
 O - a potion of attraction {unknown}


   Skills:
 + Level 11.3 Fighting
 + Level 14.8 Long Blades
 + Level 4.6 Axes
 + Level 1.2 Staves
 + Level 14.0 Armour
 + Level 4.2 Dodging
 + Level 2.2 Stealth
 + Level 7.1 Shields


You had 11 spell levels left.
You didn't know any spells.
Your spell library contained the following spells:

 Spells                   Type           Power      Damage    Failure   Level
 Apportation              Tloc           0%         N/A       99%         1
 Kiss of Death            Conj/Necr      0%         2d5       99%         1
 Necrotise                Necr           0%         1d4       99%         1
 Sandblast                Erth           0%         2d4       99%         1
 Sting                    Conj/Alch      0%         1d3       99%         1
 Summon Small Mammal      Summ           0%         N/A       99%         1
 Ensorcelled Hibernation  Hex/Ice        0%         N/A       100%        2
 Confusing Touch          Hex            0%         N/A       100%        3
 Fugue of the Fallen      Necr           0%         N/A       100%        3
 Inner Flame              Hex/Fire       0%         N/A       100%        3
 Passwall                 Erth           0%         N/A       100%        3
 Stone Arrow              Conj/Erth      0%         3d7       100%        3
 Anguish                  Hex/Necr       0%         N/A       100%        4
 Brom's Barrelling Bould  Conj/Erth      0%         2d3       100%        4
 Dispel Undead            Necr           0%         3d6       100%        4
 Irradiate                Conj/Alch      0%         3d11      100%        5
 Ignition                 Fire           0%         3d3       100%        8


Dungeon Overview and Level Annotations

Branches:
Dungeon (12/15)            Temple (1/1) D:7            Lair (0/5) D:9
    Orc (0/2) D:12        Ossuary (visited)          Bailey (visited)

Altars:
Ashenzari
Cheibriados
Dithmenos
Elyvilon
Fedhas
Gozag
Hepliaklqana
Kikubaaqudgha
Makhleb
Nemelex Xobeh
Okawaru
Qazlal
Ru
Sif Muna
Trog
Uskayaw
Vehumet
Wu Jian
Xom
Yredelemnul
Zin
The Shining One


Innate Abilities, Weirdness & Mutations

You have a pair of horns on your head.
You reflexively headbutt those who attack you in melee.


Message History

You headbutt the deep elf pyromancer.
The deep elf pyromancer is heavily wounded.
The tengu reaver is no longer distracted by gold.
You hit the deep elf pyromancer.
The deep elf pyromancer is severely wounded.
The flayed ghost hits you but does no damage.
You block the deep elf pyromancer's attack.
You barely miss the deep elf pyromancer.
Your headbutt misses the deep elf pyromancer.
The deep elf pyromancer is severely wounded.
The flayed ghost hits you.
The deep elf pyromancer is distracted by your dazzling golden aura.
The deep elf pyromancer shouts!
You hit the deep elf pyromancer. You drain the deep elf pyromancer.
The deep elf pyromancer is no longer distracted by gold.
The deep elf pyromancer is almost dead.
You slash the deep elf pyromancer!
You kill the deep elf pyromancer!
The shadow dragon is distracted by your dazzling golden aura.
The flayed ghost hits you!
* * * LOW HITPOINT WARNING * * *
The flayed ghost hits you!!
* * * LOW HITPOINT WARNING * * *
Things that are here:
8 gold pieces; a +0 dagger You slash the flayed ghost!
The flayed ghost is moderately damaged.
The shadow dragon is no longer distracted by gold.
The flayed ghost misses you.
You hit the flayed ghost.
The flayed ghost is heavily damaged.
The flayed ghost closely misses you. You furiously retaliate!
You headbutt the flayed ghost. You miss the flayed ghost.
The flayed ghost is heavily damaged.
You barely miss the flayed ghost. Your headbutt misses the flayed ghost.
The flayed ghost is heavily damaged.
The flayed ghost hits you.
You die...
Your body crumbles into a pile of gold.

##### ### #...# ..##
###### .⌠. ⌠.o .....#
####... .. ####.#
..##.## .# #.#
#.#$)=##.## . #.#
#.#####...#....
#.#####..$$$$@⌠.#D.).
#.......#####W..#....
#########$?)##.## .
##.## .# ... .Q .⌠.
⌠.. #...# ..## #####
###


You could see a shadow dragon, a tengu reaver (repels missiles), a flayed ghost
and an orc wizard.

Vanquished Creatures
  The ghost of MadMike78 the Severer, a journeyman FoFi (D:8)
  A boulder beetle (D:8)
  4 two-headed ogres
  3 centaur warriors (D:12)
  Pikel (D:4)
  A deep elf pyromancer (D:12)
  A wolf spider (D:12)
  3 ugly things (D:12)
  A freezing wraith (D:12)
  6 trolls
  A vampire (D:11)
  2 slime creatures (D:12)
  Sigmund (D:5)
  6 spriggans (Bailey)
  21 yaks
  3 wyverns
  A basilisk (D:12)
  Grum (D:10)
  3 steam dragons
  A warg (D:12)
  2 vampire mosquitoes (D:12)
  A water moccasin (D:8)
  2 acid dragons
  Pargi (D:4)
  4 orc warriors
  2 sky beasts
  A laughing skull (D:12)
  4 wolves
  A black bear (D:6)
  3 ogres
  A centaur (D:6)
  An elf zombie (Ossuary)
  2 phantoms
  Blork the orc (D:5)
  A weeping skull (Ossuary)
  2 kobold brigands
  2 bullfrogs
  A gnoll sergeant (D:11)
  5 scorpions
  2 burial acolytes (Ossuary)
  15 killer bees
  6 howler monkeys
  4 bombardier beetles
  A centaur zombie (Ossuary)
  A human zombie (Ossuary)
  2 orc priests
  7 hounds
  Crazy Yiuf (D:2)
  2 sleepcaps
  Ijyb (D:4)
  Jessica (D:2)
  4 iguanas
  Terence (D:3)
  6 orc wizards
  2 hound zombies (Ossuary)
  2 mummies (Ossuary)
  6 adders
  9 gnolls
  4 dart slugs
  2 ribbon worms
  22 orcs
  2 bats
  4 endoplasms
  2 giant cockroaches
  3 gnoll zombies (Ossuary)
  9 goblins
  3 hobgoblins
  6 quokkas
  8 ball pythons
  8 kobolds
  7 orc zombies (Ossuary)
  2 rats
254 creatures vanquished.

Notes
Turn   | Place    | Note
-------+----------+-------------------------------------------
     0 | D:1      | Fodor the Minotaur Fighter began the quest for the Orb.
     0 | D:1      | Reached XP level 1. HP: 19/19 MP: 0/0
   326 | D:1      | Reached XP level 2. HP: 27/27 MP: 1/1
   702 | D:2      | Found an iron altar of Okawaru.
   807 | D:2      | Noticed Jessica
   814 | D:2      | Killed Jessica
   815 | D:2      | Reached XP level 3. HP: 30/34 MP: 2/2
   911 | D:2      | Found a faded altar of an unknown god.
   977 | D:2      | Found a runed translucent door.
   978 | D:2      | Noticed Crazy Yiuf
   987 | D:2      | Killed Crazy Yiuf
   988 | D:2      | Reached XP level 4. HP: 16/41 MP: 0/3
  1439 | D:3      | Noticed Terence
  1446 | D:3      | Killed Terence
  1639 | D:3      | Reached skill level 1 in Dodging
  1639 | D:3      | Reached XP level 5. HP: 47/47 MP: 4/4
  1678 | D:3      | Reached skill level 1 in Long Blades
  1936 | D:3      | Found a shimmering altar of Xom.
  2196 | D:4      | Found a sand-covered staircase.
  2255 | D:4      | Noticed Pargi
  2267 | D:4      | Killed Pargi
  2268 | D:4      | Reached skill level 5 in Armour
  2268 | D:4      | Reached XP level 6. HP: 49/55 MP: 5/5
  2385 | D:4      | Noticed Ijyb
  2387 | D:4      | Noticed Pikel
  2389 | D:4      | Killed Ijyb
  2397 | D:4      | Killed Pikel
  2398 | D:4      | Reached skill level 5 in Fighting
  2398 | D:4      | Reached skill level 1 in Staves
  2398 | D:4      | Reached skill level 1 in Stealth
  2398 | D:4      | Reached XP level 7. HP: 44/61 MP: 6/6
  2481 | Ossuary  | Entered an ossuary
  2529 | Ossuary  | Reached skill level 5 in Long Blades
  2565 | Ossuary  | Reached XP level 8. HP: 59/69 MP: 7/7
  3248 | D:4      | Found a glowing silver altar of Zin.
  3720 | D:5      | Entered Level 5 of the Dungeon
  3777 | D:5      | Noticed Sigmund
  3785 | D:5      | Killed Sigmund
  4235 | D:5      | Noticed Blork the orc
  4241 | D:5      | Killed Blork the orc
  4374 | D:6      | Reached XP level 9. HP: 57/78 MP: 8/8
  4374 | D:6      | Noticed a troll
  4379 | D:6      | Killed a troll
  4444 | D:6      | Found a bloodstained altar of Trog.
  4498 | D:6      | Found an iron altar of Okawaru.
  5082 | D:6      | Found a hide-covered altar of Uskayaw.
  5084 | D:6      | Found a broken altar of Ashenzari.
  5618 | D:7      | Found a staircase to the Ecumenical Temple.
  5627 | Temple   | Entered the Ecumenical Temple
  5671 | Temple   | Became a worshipper of Gozag Ym Sagoz the Greedy
  5908 | D:7      | Reached skill level 10 in Long Blades
  5963 | D:7      | Found a stormy altar of Qazlal.
  5995 | D:7      | Found a shimmering blue altar of Sif Muna.
  6352 | D:8      | Found a runed translucent door.
  6353 | D:8      | Noticed a boulder beetle
  6354 | D:8      | Noticed MadMike78's ghost (journeyman FoFi)
  6381 | D:8      | Killed MadMike78's ghost
  6382 | D:8      | Reached skill level 10 in Armour
  6382 | D:8      | Reached XP level 10. HP: 44/88 MP: 9/9
  6392 | D:8      | Killed a boulder beetle
  7483 | D:9      | Found a flagged portal.
  7510 | Bailey   | Entered a bailey
  7736 | Bailey   | Noticed a two-headed ogre
  7747 | Bailey   | Reached skill level 5 in Shields
  7748 | Bailey   | Killed a two-headed ogre
  7939 | Bailey   | Identified the +0 scimitar "Sykisith" {venom, rC+ Dex+2}
  8173 | D:9      | Found a staircase to the Lair.
  8189 | D:9      | Noticed a two-headed ogre
  8196 | D:9      | Killed a two-headed ogre
  8338 | D:9      | Reached XP level 11. HP: 90/97 MP: 10/10
  9469 | D:10     | Entered Level 10 of the Dungeon
  9836 | D:10     | Found a white marble altar of Elyvilon.
  9939 | D:10     | Noticed a two-headed ogre
  9979 | D:10     | Killed a two-headed ogre
  9980 | D:10     | Reached skill level 10 in Fighting
 10070 | D:10     | Found a blossoming altar of Fedhas.
 10488 | D:10     | Noticed a boulder beetle
 10488 | D:10     | Noticed Grum
 10797 | D:10     | Killed Grum
 11201 | D:11     | Noticed a two-headed ogre
 11209 | D:11     | Killed a two-headed ogre
 11550 | D:12     | Reached XP level 12. HP: 108/108 MP: 11/11
 11577 | D:12     | Found a staircase to the Orcish Mines.
 11793 | D:12     | Noticed a centaur warrior
 11800 | D:12     | Noticed a centaur warrior
 11801 | D:12     | Noticed a centaur warrior
 11807 | D:12     | Killed a centaur warrior
 11810 | D:12     | Noticed a shadow dragon
 11811 | D:12     | Noticed a tengu reaver
 11827 | D:12     | Killed a centaur warrior
 11847 | D:12     | Killed a centaur warrior
 11855 | D:12     | Found the +5 glaive of the Guard {elec, spectral}
 11861 | D:12     | HP: 3/110 [flayed ghost (20)]
 11865 | D:12     | Slain by a flayed ghost

Illustrated notes

Levels and vault maps discovered:
D:1:      lemuel_arrival_broad_hall, layout_basic, serial_rivers,
          chequers_serial_rivers_micro_c, chequers_serial_rivers_small_3,
          chequers_serial_rivers_micro_b, chequers_serial_rivers_small_b
D:2:      layout_rooms, basic_altar, chequers_ecumenical_altar_twisty,
          uniq_jessica, uniq_crazy_yiuf_cottage
D:3:      layout_basic, mainiacjoe_overflow_tiny_flanked, uniq_terence
D:4:      layout_basic, zin_treasury, nicolae_ossuary_entry_false_entrances,
          uniq_pikel, uniq_ijyb, uniq_pargi
D:5:      layout_loops_cross, uniq_sigmund, uniq_blork_the_orc
D:6:      layout_loops_ring, trog_butcher_becter, okawaru_ov_weapons_minmay,
          jmf_multi_god_temple, kennysheep_generic_room_3
D:7:      layout_loops_ring, led_sif_pool, nicolae_qazlal_beasts_of_the_sky,
          lemuel_temple_firewalk_b
D:8:      layout_gridville, ebering_ghost_inner_flame
D:9:      layout_stronghold, lair_entry_dummy, enter_bailey_5
D:10:     layout_basic, mainiacjoe_overflow_catwalk, fedhas_ov_isle_minmay,
          minmay_quadrilaterals, uniq_grum
D:11:     layout_basic
D:12:     minmay_guarded_unrand_guard, layout_basic, minmay_orc_entry_guard_dogs
Temple:   minmay_temple_forest_path

Skill      XL: |  1  2  3  4  5  6  7  8  9 10 11 12 |
---------------+-------------------------------------+-----
Fighting       | 4 5 6 7 9 10 11 | 11.3
Shields        | 4 5 6 7 |  7.1
Axes           | 3 4 |  4.6
Armour         | 4 5 6 7 8 10 11 13 14 | 14.0
Dodging        | 1 2 3 4 |  4.2
Long Blades    | 1 4 5 8 10 12 14 | 14.8
Staves         | 1 |  1.2
Stealth        | 1 2 |  2.2

Action                     |  1- 3 |  4- 6 |  7- 9 | 10-12 || total
---------------------------+-------+-------+-------+-------++-------
  Melee: War axe           |    65 |       |       |       ||    65
         Headbutt          |     8 |    13 |    37 |    79 ||   137
         Quarterstaff      |       |     7 |       |       ||     7
         Long sword        |       |    45 |   199 |   419 ||   663
         Punch             |       |     1 |       |       ||     1
    Use: Scroll            |       |       |       |    19 ||    19
         Potion            |       |       |       |     1 ||     1
 Armour: Scale mail        |    51 |     8 |       |       ||    59
         Chain mail        |       |    71 |   154 |    18 ||   243
         Plate armour      |       |       |       |   303 ||   303
  Dodge: Dodged            |    24 |    28 |    69 |   220 ||   341
  Block: Buckler           |    17 |       |     8 |    81 ||   106
